 Dungeon Crawl Stone Soup version 0.21-a0-338-g36cf2fc (webtiles) character file.

5 namelastname112 the Charmwright (level 1, 0/7 HPs)
             Began as a Felid Wanderer on Oct 3, 2017.
             Slain by a ball python (1 damage)
             ... on level 1 of the Dungeon.
             The game lasted 00:00:24 (145 turns).

namelastname112 the Charmwright (Felid Wanderer)     Turns: 145, Time: 00:00:25

Health: 0/7        AC:  1    Str: 10    XL:     1   Next: 66%
Magic:  4/4        EV: 12    Int: 11    God:
Gold:   17         SH:  0    Dex: 15    Spells: 4/4 levels left
                                        Lives:  0   Deaths: 0

rFire    . . .     SeeInvis +   (weapon unavailable)
rCold    . . .     Gourm    .   (shield unavailable)
rNeg     . . .     Faith    .   (armour unavailable)
rPois    .         Spirit   .   (helmet unavailable)
rElec    .         Reflect  .   (cloak unavailable)
rCorr    .         Harm     .   (gloves unavailable)
MR       .....                  (boots unavailable)
Stlth    ++........             (no amulet)
HPRegen  0.02/turn              (no ring)
MPRegen  0.09/turn              (no ring)

@: constricted, quick
A: no armour, no weapons or thrown items, stealth, claws 1, fangs 3, see
invisible, carnivore 3, speed 1, shaggy fur 1, slow metabolism 1, sharp paws
a: no special abilities


You were on level 1 of the Dungeon.
You were not hungry.

You visited 1 branch of the dungeon, and saw 1 of its levels.

You collected 17 gold pieces.

Inventory:

Scrolls
 e - a scroll of remove curse {unknown}
Potions
 c - a potion of curing
Books
 a - a book of Battle

   Spells                             Type                      Level
   a - Infusion                       Charms                       1
   b - Shroud of Golubria             Charms/Translocation         2
   c - Song of Slaying                Charms                       2
   d - Spectral Weapon                Hexes/Charms                 3
   e - Regeneration                   Charms/Necromancy            3
 b - the Guide on the Voyage

   Spells                             Type                      Level
   a - Apportation                    Translocation                1
   b - Gell's Gravitas                Translocation                3
Comestibles
 d - a meat ration


   Skills:
 + Level 0.3 Fighting
 + Level 0.5 Dodging
 + Level 1.6 Stealth
 * Level 0.6 Unarmed Combat
 - Level 2.0 Spellcasting
   Level 1.5 Hexes
   Level 3.6 Charms
   Level 2.0 Necromancy
   Level 1.1 Evocations


You had 4 spell levels left.
You didn't know any spells.

Dungeon Overview and Level Annotations

Branches:
Dungeon (1/15)

Altars:


Innate Abilities, Weirdness & Mutations

You cannot wear armour.
You are incapable of wielding weapons or throwing items.
Your paws allow you to move quietly. (Stealth)
You have sharp claws.
You have razor-sharp teeth.
You have supernaturally acute eyesight. (SInv)
You are carnivorous and can eat meat at any time.
You cover ground quickly.
You are covered in fur. (AC +1)
You have a slow metabolism.
Your sharp claws are effective at attacking unaware monsters.


Message History

A ball python and a rat come into view.
There are monsters nearby!
There are monsters nearby!
There are monsters nearby!
The rat barely misses you.
You scratch the rat.
You kill the rat!
You closely miss the ball python. The ball python bites you.
The ball python grabs you. The ball python constricts you.
You take 2 damage, and have 4/7 hp.
MASSIVE DAMAGE!!
You scratch the ball python but do no damage.
The ball python completely misses you. The ball python constricts you.
You take 1 damage, and have 3/7 hp.
You are too injured to fight recklessly!
You are too injured to fight recklessly!
You closely miss the ball python. The ball python closely misses you.
* * * LOW HITPOINT WARNING * * *
The ball python constricts you. The ball python bites you.
* * * LOW HITPOINT WARNING * * *
You die...

### ... # #.#
#.#.# .#.## ...
#S# #@######. #
######........ .
#).....?...##. ##
##.########.#
.#########...####
#
......(....#....#
.##.###.##...##.#
....# #.###.## .#
###.###.# #... ..


You could see a ball python.

Vanquished Creatures
  2 goblins (D:1)
  2 bats (D:1)
  A rat (D:1)
5 creatures vanquished.

Notes
Turn   | Place    | Note
-------+----------+-------------------------------------------
     0 | D:1      | namelastname112 the Felid Wanderer began the quest for the Orb.
     0 | D:1      | namelastname112 set off with: a book of Battle, the Guide on the Voyage, a potion of curing, a meat ration
     0 | D:1      | Reached XP level 1. HP: 7/7 MP: 4/4
     0 | D:1      | p0werm0de: oO
     0 | D:1      | Identified the Guide on the Voyage
   145 | D:1      | Slain by a ball python

Vault maps used:
D:1:      dpeg_arrival_tiny_j, nemelex_xobeh_ov_fountains_minmay

Action                   || total
-------------------------++-------
Melee: Unarmed           ||    14
       Bite              ||     1
 Stab: Sleeping          ||     2
  Eat: Chunk             ||     1
Armor: Skin              ||     1
Dodge: Dodged            ||    11

Table legend:
 A = Spawn XP
 B = Non-spawn XP
 C = Spawn XP percentage of total XP
 D = Spawn monster count
 E = Non-spawn monster count
 F = Spawn count percentage of total count
 G = Total turns spent on level
                    A         B        C        D         E        F      G
               +---------+---------+-------+---------+---------+-------+---------
         Total |       0 |       8 |   0.0 |       0 |       5 |   0.0 |   145
               +---------+---------+-------+---------+---------+-------+---------
           D:1 |       0 |       8 |   0.0 |       0 |       5 |   0.0 |   145
               +---------+---------+-------+---------+---------+-------+---------
